 Dungeon Crawl Stone Soup version 0.31.0-12-g77e489cdc1 (webtiles) character file.

Game seed: 3109019241652362575

382 Silvore the Cudgeller (level 6, -5/53 HPs)
             Began as a Minotaur Fighter on Feb 23, 2024.
             Was a Believer of Zin.
             Slain by an orc warrior
             ... wielding a +0 scimitar
              (6 damage)
             ... on level 4 of the Dungeon.
             The game lasted 00:05:33 (3855 turns).

Silvore the Cudgeller (Minotaur Fighter)            Turns: 3855, Time: 00:05:33

Health: -5/53      AC:  7    Str: 23    XL:     6   Next: 47%
Magic:  5/5        EV: 10    Int: 11    God:    Zin [**....]
Gold:   200        SH: 10    Dex:  9    Spells: 5/5 levels left

rFire   + . .        h - +3 mace
rCold   + . .        c - +1 buckler
rNeg    . . .        m - +0 scale mail
rPois   +            n - +0 hat
rElec   .            t - scarf {rC+ rF+}
rCorr   .            (no gloves)
SInv    .            (no boots)
Will    .....        i - amulet of reflection Stlth
                     s - +6 ring of intelligence
HPRegen 0.28/turn    o - ring of poison resistance
MPRegen 0.09/turn

%: reflection
@: mighty, on recite cooldown
A: horns 2, retaliatory headbutt
a: Renounce Religion, Recite, Vitalisation, Donate Gold


You were on level 4 of the Dungeon.
You worshipped Zin.
Zin was pleased with you.
You visited 1 branch of the dungeon, and saw 4 of its levels.

You collected 222 gold pieces.
You donated 22 gold pieces to Zin.

Inventory:

Hand Weapons
 a - a +0 flail
 h - a +3 mace (weapon)
Missiles
 r - 2 throwing nets (quivered)
Armour
 b - a +0 scale mail
 c - a +1 buckler (worn)
 m - a +0 scale mail (worn)
 n - a +0 hat (worn)
 t - a scarf of resistance (worn)
Jewellery
 i - an amulet of reflection (around neck)
 o - a ring of poison resistance (right hand)
 s - a +6 ring of intelligence (left hand)
Wands
 p - a wand of charming (5)
Scrolls
 j - 4 scrolls of identify
 q - 2 scrolls of enchant armour
 u - a scroll of fear {unknown}
Potions
 e - a potion of curing
 g - 2 potions of attraction
 k - a potion of resistance
 l - 5 potions of enlightenment


   Skills:
 + Level 4.5 Fighting
 + Level 5.5 Maces & Flails
 + Level 4.8 Armour
 + Level 1.7 Dodging
 + Level 0.1 Stealth
 + Level 5.2 Shields
 + Level 0.1 Invocations


You had 5 spell levels left.
You didn't know any spells.
Your spell library contained the following spells:

 Spells                   Type           Power      Damage    Failure   Level
 Kiss of Death            Conj/Necr      0%         2d5       71%         1
 Lesser Beckoning         Tloc           0%         N/A       83%         2
 Gell's Gravitas          Tloc           0%         N/A       97%         3
 Teleport Other           Tloc           0%         N/A       97%         3


Dungeon Overview and Level Annotations

Branches:
Dungeon (4/15)
 Temple: D:4-7

Altars:
Fedhas
Kikubaaqudgha
Sif Muna
Vehumet
Zin
The Shining One

Shops:
D:1 ?!?**

Annotations:
D:3 exclusion: oklob plant


Innate Abilities, Weirdness & Mutations

You have a pair of horns on your head.
You reflexively headbutt those who attack you in melee.


Message History

The orc hits you but does no damage. You block the orc warrior's attack.
You hit the orc warrior. Your headbutt misses the orc warrior.
The orc warrior is moderately wounded.
The orc warrior hits you with a +0 scimitar!
You barely miss the orc warrior. Your headbutt misses the orc warrior.
The orc warrior is moderately wounded.
The orc closely misses the orc wizard.
The orc wizard hits you but does no damage.
The orc warrior hits you with a +0 scimitar!
Unknown command.
You barely miss the orc warrior.
You headbutt the orc warrior, but do no damage.
The orc warrior is moderately wounded.
The orc warrior hits you with a +0 scimitar!
The orc wizard casts a spell at you. You resist with some effort.
The orc hits the orc wizard with a +0 mace.
The orc hits itself with a +0 mace.
The orc wizard hits you but does no damage.
The orc warrior hits you with a +0 scimitar!
* * * LOW HITPOINT WARNING * * *
Okay, then.
You feel much better.
The orc warrior hits you with a +0 scimitar.
You feel very mighty all of a sudden.
The orc warrior hits you with a +0 scimitar!
* * * LOW HITPOINT WARNING * * *
You hit the orc warrior.
The orc warrior is moderately wounded.
The orc wizard gestures wildly while chanting.
The orc wizard flickers and vanishes!
The orc warrior hits you with a +0 scimitar!
* * * LOW HITPOINT WARNING * * *
You barely miss the orc warrior. Your headbutt misses the orc warrior.
The orc warrior is moderately wounded.
The orc warrior closely misses you.
You thump the orc warrior!
The orc warrior is severely wounded.
The orc warrior hits you with a +0 scimitar.
You die...

#.#...... ... ..
#......# #..
.....###......####.#
..................?#
# ..............#
#.# .#
#.#######.....#
#.##o.###
#..........####
#)......#
#.#####.###.######.#
#.#####.# #.....@o{#
........# #.########
#.######....... #.#
#...### #.# #####
..# ###


You could see an orc warrior and an orc (confused).

Vanquished Creatures
  An iguana (D:4)
  Terence (D:2)
  7 orc wizards
  3 gnolls (D:4)
  4 adders
  3 dart slugs
  3 ribbon worms
  9 orcs
  7 ball pythons
  2 bats
  5 endoplasms
  4 giant cockroaches
  3 goblins
  9 hobgoblins
  3 jackals (D:2)
  6 kobolds
  A quokka (D:4)
  4 frilled lizards
  2 rats
77 creatures vanquished.

Notes
Turn   | Place    | Note
-------+----------+-------------------------------------------
     0 | D:1      | Silvore the Minotaur Fighter began the quest for the Orb.
     0 | D:1      | Reached XP level 1. HP: 19/19 MP: 0/0
    11 | D:1      | Found Haclavir's Assorted Antiques.
    66 | D:1      | Found Xowo's General Store.
   372 | D:1      | Reached XP level 2. HP: 22/27 MP: 1/1
   447 | D:1      | Found Isaeh's Magic Scroll Emporium.
   447 | D:1      | Found Kionlir's Distillery.
   502 | D:1      | Found Riarixi's Magic Scroll Emporium.
  1218 | D:2      | Reached XP level 3. HP: 33/33 MP: 2/2
  1499 | D:2      | Noticed Terence
  1519 | D:2      | Killed Terence
  1693 | D:2      | Reached XP level 4. HP: 38/40 MP: 3/3
  2395 | D:3      | Found a radiant altar of Vehumet.
  2404 | D:3      | Reached skill level 1 in Dodging
  2404 | D:3      | Reached XP level 5. HP: 45/46 MP: 4/4
  2408 | D:3      | Found an ancient bone altar of Kikubaaqudgha.
  2432 | D:3      | Got Kikubaaqudgha's Tractate on Sciomancy
  2439 | D:3      | Found a shimmering blue altar of Sif Muna.
  2446 | D:3      | Reached skill level 5 in Shields
  2690 | D:3      | Reached skill level 5 in Maces & Flails
  2850 | D:3      | Found a blossoming altar of Fedhas.
  2869 | D:3      | Noticed an oklob plant
  2962 | D:3      | Found a glowing golden altar of the Shining One.
  2970 | D:3      | Found a glowing silver altar of Zin.
  3294 | D:3      | Became a worshipper of Zin the Law-Giver
  3294 | D:3      | Reached * piety under Zin
  3356 | D:4      | Reached XP level 6. HP: 53/53 MP: 5/5
  3736 | D:4      | Reached ** piety under Zin
  3834 | D:4      | Noticed an orc warrior
  3853 | D:4      | HP: 1/53 [orc warrior/+0 scimitar (14)]
  3855 | D:4      | Slain by an orc warrior

Illustrated notes

Levels and vault maps discovered:
D:1:      lemuel_arrival_rhombus, layout_loops_corners, serial_shops,
          nicolae_shop_statue_plus, shop, shop, shop, shop
D:2:      layout_loops_corners, bh_walls_and_bars, uniq_terence
D:3:      layout_basic, palyth_temple_overflow_mages,
          mainiacjoe_overflow_big_doors, tgw_fedhas
D:4:      layout_loops_ring, item_on_display_a

Skill      XL: |  1  2  3  4  5 |
---------------+----------------+-----
Armour         | 4 |  4.8
Shields        | 4 5 |  5.2
Maces & Flails | 3 4 5 |  5.5
Fighting       | 4 |  4.5
Dodging        | 1 |  1.7
Stealth        | |  0.1
Invocations    | |  0.1

Action                     |  1- 3 |  4- 6 || total
---------------------------+-------+-------++-------
  Melee: Flail             |    90 |    34 ||   124
         Headbutt          |    10 |    14 ||    24
         Mace              |       |    96 ||    96
 Invoke: Recite            |       |     2 ||     2
    Use: Scroll            |     6 |     5 ||    11
         Potion            |       |     2 ||     2
 Armour: Scale mail        |    61 |    85 ||   146
  Dodge: Dodged            |    30 |    43 ||    73
  Block: Buckler           |    40 |    74 ||   114
         Reflection        |       |     1 ||     1
